 Dungeon Crawl Stone Soup version 0.31-a0-214-gb37851dbb3 (webtiles) character file.

Game seed: 4479571633674074683

109 Ofeo the Conjurer (level 4, 0/39 HPs)
             Began as an Armataur Reaver on July 1, 2023.
             Slain by a gnoll sergeant
             ... wielding a +0 trident
              (12 damage)
             ... on level 3 of the Dungeon.
             The game lasted 00:03:49 (2935 turns).

Ofeo the Conjurer (Armataur Reaver)                 Turns: 2935, Time: 00:03:49

Health: 0/39       AC:  7    Str: 25    XL:     4   Next: 59%
Magic:  7/7        EV:  6    Int: 13    God:
Gold:   50         SH:  0    Dex:  9    Spells: 6/7 levels left

rFire   . . .        m - +0 halberd
rCold   . . .        (shield currently unavailable)
rNeg    . . .        e - +0 chain mail
rPois   .            (no helmet)
rElec   .            (no cloak)
rCorr   .            (no gloves)
SInv    .            (no barding)
Will    .....        (no amulet) Stlth
                     c - +6 ring of strength
HPRegen 0.26/turn    g - ring of flight
MPRegen 0.10/turn

%: roll
@: flying
A: large, rugged brown scales 3, deformed body, armoured tail, roll, long
tongue, awkward tongue
a: no special abilities


You were on level 3 of the Dungeon.
You visited 1 branch of the dungeon, and saw 3 of its levels.

You collected 50 gold pieces.

Inventory:

Hand Weapons
 a - a +0 hand axe
 l - a +0 flail
 m - a +0 halberd (weapon)
Armour
 b - a +0 leather armour
 e - a +0 chain mail (worn)
Jewellery
 c - a +6 ring of strength (left hand)
 g - a ring of flight (right hand)
Scrolls
 k - 2 scrolls of teleportation {@r3}
 n - a scroll of torment {unknown}
Potions
 d - 2 potions of enlightenment {unknown}
 f - a potion of mutation {unknown}
 h - a potion of magic {unknown}
 i - a potion of degeneration {unknown}
 j - a potion of lignification


   Skills:
 + Level 2.5 Fighting
 + Level 2.9 Axes
 + Level 2.0 Dodging
 + Level 2.3 Spellcasting
 + Level 3.2 Conjurations


You had 6 spell levels left.
You knew the following spells:

 Your Spells              Type           Power      Damage    Failure   Level
a - Kiss of Death         Conj/Necr      20%        2d7       61%         1

Your spell library contained the following spells:

 Spells                   Type           Power      Damage    Failure   Level
 Momentum Strike          Conj/Tloc      10%        3d8       75%         2
 Hailstorm                Conj/Ice       5%         3d4       93%         3
 Call Canine Familiar     Summ           1%         N/A       99%         3
 Portal Projectile        Hex/Tloc       2%         N/A       99%         3
 Leda's Liquefaction      Hex/Erth       0%         N/A       100%        4


Dungeon Overview and Level Annotations

Branches:
Dungeon (3/15)

Altars:

Shops:
D:3 :

Annotations:
D:2 Sigmund


Innate Abilities, Weirdness & Mutations

You are completely covered in rugged brown scales. (AC +3, +7% HP)
Armour fits poorly on your strangely shaped body.
You have a long armoured tail.
You roll when moving toward enemies. (Rampage)
Your long tongue fully drains potion bottles. (2x potion effects)
Your tongue gives you trouble enunciating. (1.5x scroll delay)


Message History

n - a scroll labelled FUAZXA DEVIURR
Things that are here:
a +0 arbalest; 5 stones You start waiting.
A rat comes into view.
A rat is nearby!
A rat is nearby!
You roll towards the rat!
The rat bites you but does no damage.
You hit the rat.
You kill the rat!
No target in view!
Things that are here:
a +0 arbalest; 5 stones Key pressed, stopping explore.
No target in view!
A gnoll sergeant is nearby!
A gnoll sergeant is nearby!
A gnoll sergeant is nearby!
You roll towards the gnoll sergeant!
You closely miss the gnoll sergeant.
The gnoll sergeant hits you with a +0 trident.
You take 1 damage, and have 38/39 hp.
You hit the gnoll sergeant but do no damage.
The gnoll sergeant hits you with a +0 trident!
You take 10 damage, and have 28/39 hp.
MASSIVE DAMAGE!!
You closely miss the gnoll sergeant. You tail-slap the gnoll sergeant!
The gnoll sergeant is moderately wounded.
The gnoll sergeant hits you but does no damage. x2
You barely miss the gnoll sergeant.
Your tail-slap misses the gnoll sergeant.
The gnoll sergeant is moderately wounded.
The gnoll sergeant hits you with a +0 trident.
You barely miss the gnoll sergeant.
The gnoll sergeant is moderately wounded.
A gnoll comes into view. It is wielding a +0 whip.
The gnoll sergeant hits you with a +0 trident! x2
The gnoll shouts!
You take 16 damage, and have 12/39 hp.
MASSIVE DAMAGE!!
Okay, then.
The gnoll sergeant hits you from afar with a +0 trident!
You die...

# #...#.......#
####...'..†....#
.......#..)....#
.⌠...⌠.#.......#
...∩...###'#...#
.⌠...⌠.#
#..)######
.......#
###......#
########
###....##
#..@..###
#....gg.####
#....##....#
#....###...#
###### #.....#
.......#
#.........
#.........
#.........


You could see a gnoll sergeant and a gnoll.

Vanquished Creatures
  4 gnolls (D:3)
  A worm (D:2)
  2 dart slugs (D:1)
  2 orcs (D:3)
  5 ball pythons
  4 endoplasms
  4 giant cockroaches
  2 goblins (D:2)
  5 hobgoblins
  3 quokkas
  13 bats
  3 frilled lizards
  10 kobolds
  A rat (D:3)
59 creatures vanquished.

Notes
Turn   | Place    | Note
-------+----------+-------------------------------------------
     0 | D:1      | Ofeo the Armataur Reaver began the quest for the Orb.
     0 | D:1      | Reached XP level 1. HP: 18/18 MP: 3/3
   189 | D:1      | Reached XP level 2. HP: 20/25 MP: 4/4
   328 | D:1      | Found a faded altar of an unknown god.
   570 | D:1      | Reached XP level 3. HP: 31/31 MP: 6/6
   572 | D:1      | Reached skill level 3 in Conjurations
  1302 | D:2      | Noticed Sigmund
  2268 | D:3      | Noticed a gnoll sergeant
  2299 | D:3      | Reached XP level 4. HP: 20/39 MP: 7/7
  2741 | D:3      | Found Usaph's Vocational Training.
  2935 | D:3      | Slain by a gnoll sergeant

Illustrated notes

Levels and vault maps discovered:
D:1:      minmay_arrival_wavy_path, layout_basic, basic_ecumenical_altar
D:2:      layout_loops_ring, minmay_misc_feat_x, uniq_sigmund
D:3:      wad_river_or_something, layout_basic, nicolae_shop_vocational

Skill      XL: |  1  2  3  4 |
---------------+-------------+-----
Fighting       | 2 |  2.5
Spellcasting   | 2 |  2.3
Conjurations   | 3 |  3.2
Dodging        | 2 |  2.0
Axes           | |  2.9

Action                     |  1- 3 |  4- 6 || total
---------------------------+-------+-------++-------
  Melee: Hand axe          |   201 |    21 ||   222
         Tailslap          |    16 |     3 ||    19
         Halberd           |       |    12 ||    12
    Use: Scroll            |     2 |       ||     2
         Potion            |     2 |       ||     2
 Armour: Leather armour    |    23 |       ||    23
         Chain mail        |    88 |    19 ||   107
  Dodge: Dodged            |    99 |    20 ||   119

Table legend: (Time is in decaauts)
 A = Elapsed time spent in this place.
 B = Non-inter-level travel time spent in this place.
 C = Inter-level travel time spent in this place.
 D = Time resting spent in this place.
 E = Time spent auto-exploring this place.
 F = Levels seen in this place.
 G = Mean time per level.
                   A        B        C        D        E       F      G
               +--------+--------+--------+--------+--------+-----+--------+
         Total |   2977 |   2894 |     83 |    320 |   1973 |   3 |  992.3 |
       Dungeon |   2977 |   2894 |     83 |    320 |   1973 |   3 |  992.3 |
               +--------+--------+--------+--------+--------+-----+--------+

Top non-repeatable levels by time:
     D:2: 1364 daAuts
     D:1: 1049 daAuts
     D:3: 563 daAuts
